[Event "*** Titled Tuesday 3|2 Blitz"]
[Site "Chess.com"]
[Date "2016.09.06"]
[Round "1"]
[White "psv98"]
[Black "Rating-Schmating"]
[Result "1-0"]
[WhiteElo "2521"]
[BlackElo "2202"]
[TimeControl "180+2"]
[EndTime "17:02:20 PDT"]
[Termination "psv98 won by resignation"]

1. Nf3 Nf6 2. g3 c5 3. Bg2 e6 4.
O-O b6 5. c4 Bb7 6. Nc3 d6 7. d4 cxd4 8. Qxd4 a6 9. Bg5 Nbd7 10.
Rfd1 Be7 11. Bxf6 Nxf6 12. Na4 Nd7 13. Qxg7 Bf6 14. Qh6 b5 15. Nc3 bxc4 16. Rxd6 Qb8 17. Rad1 Bxf3 18. Bxf3 Ra7 19. Rxd7 Rxd7 20. Bc6 1-0

[Event "*** Titled Tuesday 3|2 Blitz"]
[Site "Chess.com"]
[Date "2016.09.06"]
[Round "1"]
[White "FairChess_on_YouTube"]
[Black "Chakraborty-ARZ"]
[Result "1-0"]
[WhiteElo "2692"]
[BlackElo "2318"]
[TimeControl "180+2"]
[EndTime "17:03:15 PDT"]
[Termination "FairChess_on_YouTube won by checkmate"]

1. e4 e5 2. Nf3 Nc6 3. Bb5 a6 4. Ba4 Nf6 5. O-O b5 6. Bb3 Be7 7. d4 exd4 8. e5 Ne4 9. Bd5 Nc5 10. Nxd4 Bb7 11. Nf5 O-O 12. Nc3 Rb8 13. Qg4 g6 14. Re1 h5 15. Qxg6+ Kh8 16. Qg7# 1-0

[Event "*** Titled Tuesday 3|2 Blitz"]
[Site "Chess.com"]
[Date "2016.09.06"]
[Round "1"]
[White "ShimanovAlex"]
[Black "Quiet_Desperation"]
[Result "1-0"]
[WhiteElo "2554"]
[BlackElo "2223"]
[TimeControl "180+2"]
[EndTime "17:03:15 PDT"]
[Termination "ShimanovAlex won by resignation"]

1. d4 Nf6 2. Bf4 e6 3. e3 b6 4. Nd2 Bb7 5. Ngf3 Be7 6. h3 O-O 7. Bd3 d6 8. O-O Nbd7 9. Bh2 c5 10. c3 a6 11. a4 cxd4 12. exd4 Re8 13. Re1 Nf8 14. Nc4 Rc8 15. Nfd2 Qc7 16. Ne3 Nd5 17. Nxd5 Bxd5 18. Bxa6 Rb8 19. Bb5 Rec8 20. Ne4 f5 21. Nd2 Ba8 22. Qe2 Qb7 23. f3 Bg5 24. Nc4 Rxc4 25.
Bxc4 Re8 26. Bxd6 1-0

[Event "*** Titled Tuesday 3|2 Blitz"]
[Site "Chess.com"]
[Date "2016.09.06"]
[Round "1"]
[White "Bishops83"]
[Black "Amethystical"]
[Result "1-0"]
[WhiteElo "2247"]
[BlackElo "2540"]
[TimeControl "180+2"]
[EndTime "17:03:41 PDT"]
[Termination "Bishops83 won by resignation"]

1. e4 c5 2. Nc3 a6 3. g3 b5 4. Bg2 Bb7 5. d3 e6 6. Nh3 Nf6 7. O-O d5 8. exd5 Nxd5 9. Ne4 Be7 10. Qh5 O-O 11. c4 f5 12. cxd5 fxe4 13. Bxe4 Rf5 14. Bxf5 Qxd5 15. Qxh7+ Kf8 16. Be4 1-0

[Event "*** Titled Tuesday 3|2 Blitz"]
[Site "Chess.com"]
[Date "2016.09.06"]
[Round "1"]
[White "andryusha"]
[Black "Krutoy123"]
[Result "0-1"]
[WhiteElo "2175"]
[BlackElo "2488"]
[TimeControl "180+2"]
[EndTime "17:03:59 PDT"]
[Termination "Krutoy123 won by resignation"]

1. e4 c5 2. Nf3 e6 3. d4 cxd4 4. Nxd4 a6 5. Nc3 b5 6. Bd3 Bb7 7. O-O Nf6 8. Re1 d6 9. Bg5 Be7 10. Kh1 h6 11. Bh4 O-O 12. f4 Nbd7 13. e5 dxe5 14. fxe5 Nd5 15. Bxe7 Qxe7 16. Qg4 Nxc3 17. bxc3 Rac8 18. Re3 Qg5 19. Qe2 Rc5 20. Re1 Rxe5 21. Rxe5 Nxe5 22. Be4 Bxe4 23. Qxe4 Ng4 24. Qe2 Rc8 25.
Nxe6 Qh4 26. h3 Re8 27. Qxg4 Qxe1+ 0-1

[Event "*** Titled Tuesday 3|2 Blitz"]
[Site "Chess.com"]
[Date "2016.09.06"]
[Round "1"]
[White "pKiLz5Rn9b"]
[Black "aNONoNonono"]
[Result "1-0"]
[WhiteElo "2470"]
[BlackElo "2120"]
[TimeControl "180+2"]
[EndTime "17:04:35 PDT"]
[Termination "pKiLz5Rn9b won by resignation"]

1. e4 c5 2. c3 Nf6 3. e5 Nd5 4. Nf3 e6 5. d4 cxd4 6. cxd4 d6 7. Bc4 Nc6 8. O-O Be7 9. Bd2 O-O 10. Nc3 Nxc3 11. Bxc3 dxe5 12. dxe5 Nb4 13. Bxb4 Bxb4 14. Qe2 Qe7 15. Bd3 g6 16. a3 Ba5 17. b4 Bc7 18. Qe4 Rb8 19. Rac1 Rd8 20. Rfd1 b6 21. Qf4 Bb7 22.
Ng5 h6 23. Qxf7+ Qxf7 24. Nxf7 Rd7 25. Bxg6 Rxd1+ 26. Rxd1 Kg7 27. Rd7 Kxg6 28. Rxc7 Bd5 29. Nd6 a5 30. b5 1-0

[Event "*** Titled Tuesday 3|2 Blitz"]
[Site "Chess.com"]
[Date "2016.09.06"]
[Round "1"]
[White "bilelou"]
[Black "DeviatkinAndrey"]
[Result "0-1"]
[WhiteElo "2267"]
[BlackElo "2590"]
[TimeControl "180+2"]
[EndTime "17:04:45 PDT"]
[Termination "DeviatkinAndrey won by resignation"]

1. d4 d5 2. c4 dxc4 3. Nf3 Nf6 4. e3 e6 5. Bxc4 c5 6. O-O Nc6 7. Qe2 cxd4 8. Rd1 Be7 9. exd4 O-O 10. Nc3 Nd5 11.
Bd2 Bf6 12. Qe4 Nce7 13. Rac1 b6 14. Bd3 g6 15. Qe2 Bb7 16. Ne4 Bg7 17. Ne5 Nf5 18. Bc3 Nf4 19. Qf3 Nxd3 20. Qxd3 Bxe5 0-1

[Event "*** Titled Tuesday 3|2 Blitz"]
[Site "Chess.com"]
[Date "2016.09.06"]
[Round "1"]
[White "JustKid"]
[Black "dretch"]
[Result "0-1"]
[WhiteElo "2267"]
[BlackElo "2608"]
[TimeControl "180+2"]
[EndTime "17:04:48 PDT"]
[Termination "dretch won by resignation"]

1. d4 d5 2. c4 c6 3. cxd5 cxd5 4. Nc3 Nc6 5. Bf4 Nf6 6. e3 Bf5 7. Nf3 e6 8. Bd3 Bxd3 9. Qxd3 Be7 10. h3 O-O 11. O-O Rc8 12. Ne5 Nxe5 13. Bxe5 Nd7 14.
Bg3 Qa5 15. a3 Rc4 16. Rac1 Rfc8 17. Na2 Rxc1 18. Nxc1 Qa4 19. Qb3 Nb6 20. Qxa4 Nxa4 21. Nd3 Rc2 22. Rb1 Rd2 23. Nc5 Rxb2 24. Rxb2 Nxb2 25.
Nxb7 Bxa3 26. Bb8 a6 27. Na5 Nc4 28. Nb3 Kf8 29. Kf1 Ke8 30. Ke2 Kd7 31. Nd2 Nxd2 32. Kxd2 Bd6 33. Ba7 Kc6 34. Kc3 Kb7 35. Bc5 Bxc5 36.
dxc5 Kc6 37. Kb4 e5 38. g3 a5+ 39. Kxa5 Kxc5 0-1

[Event "*** Titled Tuesday 3|2 Blitz"]
[Site "Chess.com"]
[Date "2016.09.06"]
[Round "1"]
[White "Kouzari"]
[Black "DavidForthoffer"]
[Result "1-0"]
[WhiteElo "2463"]
[BlackElo "2063"]
[TimeControl "180+2"]
[EndTime "17:04:56 PDT"]
[Termination "Kouzari won by resignation"]

1. d4 c6 2. c4 d5 3. Nc3 e5 4. cxd5 cxd5 5. Nf3 exd4 6. Nxd4 Nf6 7. g3 Nc6 8. Bg2 Nxd4 9. Qxd4 Be6 10. O-O Be7 11.
Qa4+ Qd7 12. Qxd7+ Kxd7 13. Bg5 Rhd8 14. Bxf6 Bxf6 15. Nxd5 Bxb2 16. Rab1 Be5 17. Rxb7+ Ke8 18. Nc7+ Bxc7 19. Rxc7 Rac8 20. Rxa7 Rc2 21. a4 Rxe2 22.
a5 Ra2 23. Rb1 g6 24. h4 h5 25. a6 Kf8 26. Bf1 Rdd2 27. Ra8+ Kg7 28. a7 Bd5 29. Rd8 Rxa7 30. Rb5 Bc6 31. Rxd2 Bxb5 32. Bxb5 Re7 1-0

[Event "*** Titled Tuesday 3|2 Blitz"]
[Site "Chess.com"]
[Date "2016.09.06"]
[Round "1"]
[White "SidArun"]
[Black "matein28"]
[Result "1/2-1/2"]
[WhiteElo "2004"]
[BlackElo "2358"]
[TimeControl "180+2"]
[EndTime "17:05:51 PDT"]
[Termination "Game drawn by repetition"]

1. e4 d5 2. exd5 Qxd5 3. Nf3 Nf6 4. d4 Bf5 5. c4 Qa5+ 6. Nc3 c6 7. Bd2 Qc7 8. Qb3 e6 9. g3 Nbd7 10. c5 Nd5 11. Nxd5 exd5 12. Bf4 Qc8 13. O-O-O Be7 14. Re1 Be6 15. Bd3 O-O 16. h4 b6 17. Qc2 h5 18.
Ng5 Nf6 19. Be5 bxc5 20. f4 Bg4 21. dxc5 Qd7 22. Be2 Bf5 23. Bd3 Bg4 24. Be2 Bf5 25.
Bd3 Bg4 1/2-1/2

[Event "*** Titled Tuesday 3|2 Blitz"]
[Site "Chess.com"]
[Date "2016.09.06"]
[Round "1"]
[White "rozabaku"]
[Black "Rsnr"]
[Result "0-1"]
[WhiteElo "2207"]
[BlackElo "2521"]
[TimeControl "180+2"]
[EndTime "17:06:23 PDT"]
[Termination "Rsnr won by resignation"]

1. d4 d5 2. c4 c6 3. Nc3 Nf6 4. Bg5 dxc4 5. a4 h6 6. Bxf6 exf6 7. e4 Bb4 8. Bxc4 O-O 9. Ne2 f5 10. e5 Nd7 11. O-O Nb6 12. Bb3 a5 13. Nf4 Qg5 14. g3 Bd7 15. h4 Qe7 16. Ng6 Qe8 17.
Nxf8 Qxf8 18. Qh5 Be6 19. Bc2 g6 20. Qf3 Nc4 21. Rfd1 Nxb2 22. Rdc1 Nc4 23. Ne2 Bd5 24. Qd3 Nd2 25. Nf4 Be4 26. Qe3 Nf3+ 27. Kf1 Bd2 28. Qb3 Bxc1 29. Nxg6 Nd2+ 30. Ke2 Nxb3 31.
Nxf8 0-1

[Event "*** Titled Tuesday 3|2 Blitz"]
[Site "Chess.com"]
[Date "2016.09.06"]
[Round "1"]
[White "Yaacovn"]
[Black "ZEN-22"]
[Result "1-0"]
[WhiteElo "2627"]
[BlackElo "2282"]
[TimeControl "180+2"]
[EndTime "17:06:24 PDT"]
[Termination "Yaacovn won by checkmate"]

1. d4 d6 2. Nf3 Nf6 3. e3 c5 4. Be2 Nc6 5. O-O e6 6. dxc5 d5 7. c4 Bxc5 8. Nc3 d4 9. Na4 b6 10. Nxc5 bxc5 11. exd4 cxd4 12. b4 d3 13. Bxd3 Nxb4 14.
Qa4+ Qd7 15. Qxb4 Qxd3 16. Ba3 Qd7 17. Rfd1 Qc7 18. Ne5 a5 19. Qa4+ Nd7 20. Bd6 Qa7 21. c5 f6 22. Nc6 Qa6 23. Ne7 Kf7 24. c6 Nb6 25. Qd4 e5 26. Qc5 Be6 27. Rab1 Nc8 28.
Rb7 Nxd6 29. Qxd6 Rhd8 30. Nc8+ Qxb7 31. cxb7 Raxc8 32.
bxc8=Q Rxd6 33. Qc7+ Rd7 34. Rxd7+ Kg6 35. Rxg7+ Kf5 36.
Qc2+ e4 37. Qd2 h5 38. Qe3 Ke5 39. Qc5+ Bd5 40. Re7+ Kf4 41. Qxd5 e3 42. fxe3+ Kg4 43.
Re4# 1-0

[Event "*** Titled Tuesday 3|2 Blitz"]
[Site "Chess.com"]
[Date "2016.09.06"]
[Round "1"]
[White "Lapitch"]
[Black "hermionegrangermagic"]
[Result "1-0"]
[WhiteElo "2577"]
[BlackElo "2248"]
[TimeControl "180+2"]
[EndTime "17:06:26 PDT"]
[Termination "Lapitch won by resignation"]

1. Nf3 d5 2. c4 e6 3. g3 Nf6 4.
Bg2 Be7 5. O-O O-O 6. b3 c5 7. Bb2 Nc6 8. e3 d4 9. exd4 cxd4 10. Re1 Bd6 11. d3 e5 12. Nbd2 Bf5 13. c5 Bc7 14. Nc4 Re8 15. a3 Bg4 16. h3 Bh5 17. b4 a6 18. Qc2 Nd5 19. Nfd2 Bg6 20. Ne4 Qd7 21. Qb3 Bxe4 22. Bxe4 Nf6 23. Bg2 Qe6 24. Nd2 Qxb3 25.
Nxb3 Re7 26. Nd2 Rae8 27. Rac1 g6 28. Rc2 Nd7 29. Nc4 f5 30. Nd6 Rd8 31. Nxb7 1-0

[Event "*** Titled Tuesday 3|2 Blitz"]
[Site "Chess.com"]
[Date "2016.09.06"]
[Round "1"]
[White "gmjoey1"]
[Black "rdclayton"]
[Result "1-0"]
[WhiteElo "2515"]
[BlackElo "2105"]
[TimeControl "180+2"]
[EndTime "17:06:34 PDT"]
[Termination "gmjoey1 won by resignation"]

1. e4 e5 2. Nf3 Nc6 3. Nc3 Nf6 4. Bb5 Bb4 5. O-O O-O 6. d3 d6 7. Bg5 Bxc3 8. bxc3 Bg4 9. h3 Bh5 10. g4 Bg6 11.
Nh4 a6 12. Bxc6 bxc6 13. Nf5 Bxf5 14. gxf5 d5 15. Qf3 dxe4 16. dxe4 Qe7 17. Kh1 Kh8 18. Rg1 Rab8 19. Rg2 Qc5 20. Rag1 Ne8 21. Qh5 f6 22. Be3 Qxc3 23. Bh6 Rg8 24. Rg3 Qc4 25. Rg4 Rb4 26.
Be3 Qxc2 27. Qxh7+ 1-0

[Event "*** Titled Tuesday 3|2 Blitz"]
[Site "Chess.com"]
[Date "2016.09.06"]
[Round "1"]
[White "E-Shaposhnikov"]
[Black "beastfromweast"]
[Result "1-0"]
[WhiteElo "2677"]
[BlackElo "2304"]
[TimeControl "180+2"]
[EndTime "17:06:36 PDT"]
[Termination "E-Shaposhnikov won by resignation"]

1. Nf3 d5 2. d4 e6 3. c4 Nf6 4.
Nc3 Be7 5. Bf4 O-O 6. e3 Nbd7 7. c5 Nh5 8. Bd3 Nxf4 9. exf4 g6 10. O-O Nb8 11.
b4 a6 12. Qd2 Nc6 13. Rab1 Bf6 14. Ne2 Bg7 15. a4 Re8 16. Ra1 f6 17. b5 Ne7 18.
Nc3 c6 19. bxa6 bxa6 20. a5 Bd7 21. Rab1 Nc8 22. Na4 e5 23. fxe5 fxe5 24. Nxe5 Bxe5 25. dxe5 Rxe5 26. Rfe1 Rxe1+ 27. Rxe1 Rb8 28. Nb6 Nxb6 29. cxb6 Bc8 30. Qf4 Rb7 31. Bxa6 Rf7 32. Qb8 Qf6 33. Qxc8+ Rf8 34. Qe6+ 1-0

[Event "*** Titled Tuesday 3|2 Blitz"]
[Site "Chess.com"]
[Date "2016.09.06"]
[Round "1"]
[White "Viaje"]
[Black "dusanacns"]
[Result "0-1"]
[WhiteElo "2212"]
[BlackElo "2549"]
[TimeControl "180+2"]
[EndTime "17:06:50 PDT"]
[Termination "dusanacns won by resignation"]

1. d4 Nf6 2. c4 g6 3. Nc3 Bg7 4. e4 d6 5. Be2 O-O 6. Nf3 e5 7. O-O Nc6 8. d5 Ne7 9. Ne1 Nd7 10. f3 f5 11. g4 Nf6 12. Nd3 b6 13. Kh1 Kh8 14. Bd2 c6 15. Rg1 Bb7 16. Rc1 b5 17.
gxf5 gxf5 18. Nb4 fxe4 19. Nxe4 Nxe4 20. fxe4 a5 21. Nc2 cxd5 22. cxd5 Nxd5 23. Rxg7 Kxg7 24. exd5 Bxd5+ 25. Kg1 Qf6 26. Qe1 Kh8 27. Ne3 Rg8+ 28. Ng4 Bf3 29. h3 Bxe2 30. Qxe2 h5 31. Rf1 Qg6 32.
Qh2 Ra7 0-1

[Event "*** Titled Tuesday 3|2 Blitz"]
[Site "Chess.com"]
[Date "2016.09.06"]
[Round "1"]
[White "saraswathii"]
[Black "awb2000"]
[Result "1-0"]
[WhiteElo "2123"]
[BlackElo "2449"]
[TimeControl "180+2"]
[EndTime "17:06:53 PDT"]
[Termination "saraswathii won by resignation"]

1. e4 c5 2. Nf3 d6 3. d3 a6 4.
g3 Nc6 5. Bg2 g6 6. O-O Bg7 7. c3 Qb6 8. Na3 Nf6 9. Nc2 O-O 10.
Re1 d5 11. e5 Ne8 12. d4 Nc7 13. b3 cxd4 14. Ncxd4 Bg4 15. h3 Bxf3 16. Nxf3 Nb5 17. Bb2 Rad8 18. Qd3 e6 19. h4 h5 20. Re2 Qc7 21.
Rae1 Qe7 22. Ng5 d4 23. c4 Nb4 24. Qf3 Nc3 25. Bxc3 dxc3 26. Qxc3 Rd3 27. Qb2 Rfd8 28.
Ne4 Nc6 29. Nf6+ Kh8 30. Bxc6 bxc6 31. Kg2 Qc5 32. Re3 Rd2 33. Qc3 Rxa2 34. Rf3 Rdd2 35. Ne4 Qa7 36. Nxd2 Kg8 37. Ne4 a5 38. Ng5 Bh6 39.
Rxf7 Qc5 40. Qd3 1-0

[Event "*** Titled Tuesday 3|2 Blitz"]
[Site "Chess.com"]
[Date "2016.09.06"]
[Round "1"]
[White "cheese111"]
[Black "Elshan1985"]
[Result "0-1"]
[WhiteElo "2252"]
[BlackElo "2578"]
[TimeControl "180+2"]
[EndTime "17:07:00 PDT"]
[Termination "Elshan1985 won on time"]

1. e4 c5 2. Nf3 e6 3. g3 b6 4. Bg2 Bb7 5. Qe2 Nf6 6. Nc3 d5 7. exd5 Nxd5 8. O-O Be7 9. Rd1 O-O 10. Nxd5 Qxd5 11. d4 Qe4 12. Be3 Qg4 13. dxc5 Bxc5 14. Bxc5 bxc5 15. Nd4 Qxe2 16. Nxe2 Bxg2 17. Kxg2 Nc6 18.
Rd7 Rfc8 19. Rad1 a5 20. Rb7 a4 21. Rdd7 Ne5 22. Re7 Rcb8 23. f4 Rxb7 24. Rxb7 Nc4 25.
Kf3 h5 26. b3 Na3 27. c4 Nc2 28. Nc3 axb3 29. axb3 Nd4+ 30. Ke4 Ra3 0-1

[Event "*** Titled Tuesday 3|2 Blitz"]
[Site "Chess.com"]
[Date "2016.09.06"]
[Round "1"]
[White "danir29"]
[Black "Kawhi_Leonard2"]
[Result "1-0"]
[WhiteElo "2412"]
[BlackElo "2012"]
[TimeControl "180+2"]
[EndTime "17:07:13 PDT"]
[Termination "danir29 won on time"]

1. d4 Nf6 2. Nf3 e6 3. e3 d5 4. Bd3 c5 5. b3 Nc6 6. Bb2 Qc7 7. a3 b6 8. O-O Bb7 9. Nbd2 Bd6 10. Qe2 O-O 11. dxc5 bxc5 12. e4 d4 13. Nc4 e5 14.
Nh4 Ne7 15. c3 Ng6 16. Nxg6 hxg6 17. cxd4 cxd4 18. Rac1 Qe7 19. Rc2 Nh5 20. g3 Nf6 21.
Rfc1 Rfc8 22. b4 Bc7 23. b5 Nd7 24. a4 a6 25. b6 Nxb6 26. Na5 Bd6 27. Nxb7 Qxb7 28.
Rxc8+ Nxc8 29. Bc4 Nb6 30. Bb3 a5 31. Qb5 Qa7 32. Rc6 Bc7 33. Ba3 Rd8 34. Bc5 1-0

[Event "*** Titled Tuesday 3|2 Blitz"]
[Site "Chess.com"]
[Date "2016.09.06"]
[Round "1"]
[White "TrickyTrapChess"]
[Black "MaestroASK"]
[Result "0-1"]
[WhiteElo "2109"]
[BlackElo "2468"]
[TimeControl "180+2"]
[EndTime "17:07:20 PDT"]
[Termination "MaestroASK won by resignation"]

1. c4 d6 2. Nc3 g6 3. g3 c6 4. Bg2 e5 5. e4 Bg7 6. Nge2 Nh6 7. O-O O-O 8. d3 f5 9. f4 Qb6+ 10. Kh1 Ng4 11. Qe1 Ne3 12. Na4 Nxg2 13. Nxb6 Nxe1 14.
Nxa8 Nxd3 15. Be3 b6 16. Rad1 Nxb2 17. Rxd6 Nxc4 18. Rd3 fxe4 19. Rc3 Bg4 20. Ng1 Be6 21. Nc7 Bd5 22. f5 gxf5 23. Ne2 f4 24. gxf4 exf4 25.
Nxd5 cxd5 26. Bd4 f3 27. Rg1 Rf7 28. Nf4 Rxf4 29. Rxg7+ Kf8 30. Kg1 Nc6 31. Rd7 Nxd4 32. Rxd5 Ne2+ 33. Kf2 Nxc3 0-1

[Event "*** Titled Tuesday 3|2 Blitz"]
[Site "Chess.com"]
[Date "2016.09.06"]
[Round "1"]
[White "goingin33"]
[Black "jk13"]
[Result "0-1"]
[WhiteElo "2168"]
[BlackElo "2481"]
[TimeControl "180+2"]
[EndTime "17:07:44 PDT"]
[Termination "jk13 won by resignation"]

1. e4 e5 2. Nf3 Nc6 3. Nc3 Nf6 4.
Bb5 Bd6 5. d3 O-O 6. a3 Re8 7. g4 a6 8. Bc4 Bc5 9. g5 Ng4 10. Rf1 d6 11. h3 Nxf2 12. Rxf2 Bxf2+ 13. Kxf2 Bxh3 14. g6 Be6 15. gxf7+ Bxf7 16. Bxf7+ Kxf7 17. Ng5+ Kg8 18. Kg2 h6 19. Nf3 Rf8 20. Be3 Qf6 21.
Nh2 Rf7 22. Qg4 Ne7 23. Rf1 Qg6 24. Qxg6 Nxg6 25. Rxf7 Kxf7 26. Ne2 Ne7 27. Ng3 Rh8 28. Nh5 g6 29. Ng3 g5 30. Kh3 Kg6 31. d4 h5 32. dxe5 dxe5 33. Bc5 Ng8 34. Nf5 Nf6 35. Ne7+ Kf7 36. Nd5 Nxe4 37. Be3 c6 38. Nb6 Ke6 39. Kg2 Kf5 40. Nc4 g4 41. Nf1 h4 42. c3 h3+ 43. Kh2 g3+ 44. Nxg3+ Nxg3 45. Nxe5 Kxe5 46. Bd4+ Kf4 47. Bxh8 Kg4 48. Bd4 Nf5 49. Be5 Nh4 50. Bc7 Nf3+ 51. Kh1 Kf5 52. b4 b5 53. Bg3 Ke4 54.
Bh4 Kd3 55. Bf6 Kc2 56. a4 bxa4 57. c4 Kb3 58. b5 axb5 59. c5 Kc4 60. Bd4 Nxd4 0-1

[Event "*** Titled Tuesday 3|2 Blitz"]
[Site "Chess.com"]
[Date "2016.09.06"]
[Round "1"]
[White "michaelq2d5"]
[Black "Goala"]
[Result "1-0"]
[WhiteElo "2513"]
[BlackElo "2191"]
[TimeControl "180+2"]
[EndTime "17:07:57 PDT"]
[Termination "michaelq2d5 won by checkmate"]

1. d4 e6 2. c4 Nf6 3. Nc3 c5 4. d5 exd5 5. cxd5 d6 6. Nf3 g6 7.
h3 Bg7 8. Bf4 a6 9. a4 O-O 10.
e3 Re8 11. Be2 Ne4 12. Rc1 Nxc3 13. bxc3 Nd7 14. O-O Ne5 15. c4 h6 16. Qb3 g5 17.
Bg3 Rb8 18. Nd2 Bf5 19. Rfe1 Qa5 20. Rcd1 Bg6 21. Bf1 h5 22. f4 gxf4 23. exf4 Nd7 24. Nf3 Nb6 25. Rxe8+ Rxe8 26. Be1 Qxa4 27. Qxa4 Nxa4 28.
Nh4 Be4 29. g4 hxg4 30. hxg4 Bf3 31. Nxf3 Re3 32. Kf2 Rb3 33. Rd3 Rb2+ 34. Rd2 Rb1 35. Bd3 Ra1 36. Re2 Ra3 37. Bf5 b5 38. Re8+ Bf8 39.
Ng5 Ra2+ 40. Kf1 b4 41. Nh7 b3 42. Nxf8 f6 43. Ng6+ Kg7 44. Re7+ Kh6 45. Ne5 fxe5 46.
Rh7# 1-0

[Event "*** Titled Tuesday 3|2 Blitz"]
[Site "Chess.com"]
[Date "2016.09.06"]
[Round "1"]
[White "BellJackson95"]
[Black "lionheart95"]
[Result "0-1"]
[WhiteElo "2148"]
[BlackElo "2446"]
[TimeControl "180+2"]
[EndTime "17:08:03 PDT"]
[Termination "lionheart95 won by resignation"]

1. e4 e5 2. Nf3 Nc6 3. Bc4 Nf6 4.
Ng5 d5 5. exd5 Na5 6. Bb5+ c6 7.
dxc6 bxc6 8. Bd3 Nd5 9. Nf3 Bd6 10. O-O O-O 11. Re1 Re8 12. Nc3 f5 13. Nxd5 cxd5 14.
Bb5 Re7 15. d4 e4 16. Ne5 Qb6 17. Bf1 Be6 18. b3 Bb4 19. Re3 f4 20. a3 fxe3 21. axb4 exf2+ 22. Kxf2 Nc6 23. Ra6 Qxd4+ 24. Qxd4 Nxd4 25.
Bg5 Ree8 26. c3 Nf5 27. Bb5 Rf8 28. Ke2 Bc8 29. Rc6 a6 30. Ba4 h6 31. Bc1 d4 32.
Rc7 d3+ 33. Ke1 Be6 34. Bc6 Rac8 35. Rxc8 Rxc8 36. Bxe4 Rxc3 37. Bd2 Rxb3 38. Nxd3 Nd6 39. Nc5 Nxe4 40. Nxe4 Bd5 41. Nc5 Rb1+ 42. Kf2 Rb2 43. Ke3 Ra2 44. g3 Bc4 45. h4 Kf7 46. Bc3 Re2+ 47.
Kd4 Bb5 48. Ne4 Ke6 49. g4 Rh2 50. h5 Rg2 51. Nc5+ Kf7 52. Nd7 Rxg4+ 53. Kc5 Bxd7 0-1

[Event "*** Titled Tuesday 3|2 Blitz"]
[Site "Chess.com"]
[Date "2016.09.06"]
[Round "1"]
[White "Ksenia_Legenko"]
[Black "Abrito99"]
[Result "0-1"]
[WhiteElo "2006"]
[BlackElo "2420"]
[TimeControl "180+2"]
[EndTime "17:08:16 PDT"]
[Termination "Abrito99 won by checkmate"]

1. d4 Nf6 2. c4 g6 3. Nc3 Bg7 4.
Nf3 O-O 5. g3 d6 6. Bg2 Nbd7 7.
O-O c5 8. e4 Rb8 9. h3 Ne8 10.
Be3 b6 11. Rc1 Nc7 12. Kh2 a6 13. Qd2 Bb7 14. Bh6 b5 15. cxb5 axb5 16. Bxg7 Kxg7 17.
Nxb5 Nxb5 18. Rfd1 Bxe4 19. dxc5 Bxf3 20. Bxf3 Nxc5 21.
a4 Nb3 22. Qc2 N5d4 23. Qc3 e5 24. Rb1 Rc8 25. Qe3 Rc2 26. Bd5 Re2 27. Qd3 Qf6 28. Rg1 Qxf2+ 29. Rg2 Qe3 30. Qxe3 Rxe3 31. Rf1 f5 32.
Rd1 Rc8 33. a5 Nxa5 34. Ra1 Nab3 35. Ra7+ Kh6 36. Rb7 Nc5 37. Ra7 Nd3 38. b3 Ne1 39. Rf2 Rc2 40. Rxc2 Nexc2 41. Bg8 Re2+ 42. Kh1 Nf3 43.
Rxh7+ Kg5 44. h4+ Kg4 45. h5 Rh2# 0-1

[Event "*** Titled Tuesday 3|2 Blitz"]
[Site "Chess.com"]
[Date "2016.09.06"]
[Round "1"]
[White "fidetrainerNET"]
[Black "Newlight1"]
[Result "0-1"]
[WhiteElo "2191"]
[BlackElo "2507"]
[TimeControl "180+2"]
[EndTime "17:08:20 PDT"]
[Termination "Newlight1 won by checkmate"]

1. d4 Nf6 2. c4 c5 3. d5 e6 4. Nc3 exd5 5. cxd5 d6 6. e4 g6 7. Nf3 Bg7 8. Be2 O-O 9. O-O Re8 10. Nd2 a6 11. a4 Nbd7 12. Qc2 Ne5 13. h3 g5 14. Nc4 Nxc4 15. Bxc4 Nh5 16. a5 g4 17.
hxg4 Bxg4 18. Be2 Qh4 19. Ra4 Be5 20. f4 Bd4+ 21. Rxd4 cxd4 22. Bxg4 Qxg4 23. Ne2 Nf6 24. e5 Nxd5 25. Rf3 Kh8 26. Rh3 Qg6 27. f5 Qg7 28. Nf4 Rac8 29. f6 Rxc2 30. fxg7+ Kxg7 31. Nh5+ Kh8 32. Bh6 Rg8 33. exd6 Rgxg2+ 34. Kh1 Ne3 35. Bg7+ Kg8 36. Rxe3 dxe3 37. d7 Rgd2 38. Bf6 Rc1# 0-1

[Event "*** Titled Tuesday 3|2 Blitz"]
[Site "Chess.com"]
[Date "2016.09.06"]
[Round "1"]
[White "ZapataCharlesS"]
[Black "IamSchrodingersCat"]
[Result "1-0"]
[WhiteElo "2585"]
[BlackElo "2264"]
[TimeControl "180+2"]
[EndTime "17:08:36 PDT"]
[Termination "ZapataCharlesS won by resignation"]

1. e4 c5 2. c3 g6 3. d4 cxd4 4. cxd4 d5 5. exd5 Nf6 6. Nc3 Nxd5 7. Bc4 Nxc3 8. bxc3 Bg7 9. Nf3 O-O 10. Bf4 b6 11. O-O Bg4 12. h3 Bxf3 13. Qxf3 Nd7 14. Rfe1 Nf6 15. Bb3 Qd7 16. Rad1 Rac8 17. c4 a5 18. a3 Rfd8 19. Bg5 Qd6 20. Re2 Re8 21. Ba4 Red8 22. Bb5 Ra8 23. a4 Ra7 24. d5 h6 25. Bf4 Qc5 26. Rde1 g5 27. Be3 Qd6 28. Bd4 Kf8 29. Be5 Qc5 30. Bb2 Ng8 31. Ba3 Qd4 32. Re4 Qf6 33. Qe2 h5 34. h4 g4 35. Bc6 Bh6 36. c5 bxc5 37. Bxc5 Ra6 38. Qxa6 1-0

[Event "*** Titled Tuesday 3|2 Blitz"]
[Site "Chess.com"]
[Date "2016.09.06"]
[Round "1"]
[White "tabarex"]
[Black "putinwarrior"]
[Result "0-1"]
[WhiteElo "1873"]
[BlackElo "2344"]
[TimeControl "180+2"]
[EndTime "17:08:40 PDT"]
[Termination "putinwarrior won by checkmate"]

1. Nc3 g6 2. d4 Bg7 3. Bg5 h6 4. Bf4 c5 5. e3 Nf6 6. Nf3 O-O 7. Qd2 b6 8. Be2 Bb7 9. d5 Nh5 10. Bg3 d6 11. e4 Nd7 12. O-O Nxg3 13. hxg3 a6 14.
Nh4 b5 15. Rae1 Qa5 16. a3 Nb6 17. f4 Na4 18. Rf3 Nxb2 19. f5 Na4 20. f6 exf6 21.
Rf5 Qxc3 22. Qd1 Qd4+ 23. Qxd4 cxd4 24. Rf2 Rac8 25. Bd3 Nc5 26. Ref1 Nxd3 27. cxd3 Rc3 28. Rf3 Rfc8 29. g4 Rxa3 30. g3 Rcc3 31. Rd1 b4 32. Ng2 b3 33. Nf4 Rc2 34. g5 fxg5 35. Ne6 fxe6 36.
dxe6 Bc6 37. Rdf1 Raa2 38. R3f2 Rxf2 39. Rxf2 Rxf2 40. Kxf2 b2 41. Kf3 b1=Q 42. Kg4 Qxd3 43. Kh3 Be5 44. e7 Qxg3# 0-1

[Event "*** Titled Tuesday 3|2 Blitz"]
[Site "Chess.com"]
[Date "2016.09.06"]
[Round "1"]
[White "GianmarcoVaR"]
[Black "ChessFrois"]
[Result "1-0"]
[WhiteElo "2421"]
[BlackElo "2025"]
[TimeControl "180+2"]
[EndTime "17:08:50 PDT"]
[Termination "GianmarcoVaR won by resignation"]

1. d4 Nf6 2. c3 g6 3. Nf3 Bg7 4. Bg5 O-O 5. Nbd2 d5 6. e3 Nbd7 7. Be2 h6 8. Bh4 c5 9. O-O a6 10. a4 Qb6 11. Qb3 Qxb3 12. Nxb3 c4 13. Nbd2 b6 14. Ne5 Re8 15. f4 Bb7 16. Rfb1 g5 17. Nxd7 Nxd7 18. fxg5 hxg5 19. Bxg5 e5 20. Bg4 Bc6 21.
Rf1 f6 22. Bxd7 Bxd7 23. Bxf6 exd4 24. exd4 Re2 25. Rad1 Bh6 26. Nf3 Kh7 27. Rfe1 Rae8 28. Ne5 Rxe1+ 29. Rxe1 Bxa4 30. Ra1 b5 31. g4 Bf4 32. Kg2 Bxe5 33. dxe5 Kg6 34. h4 Kf7 35. Kf3 Ke6 36. h5 a5 37. Kf4 Rg8 38. h6 Bc2 39.
Rxa5 Kf7 40. Rxb5 Bd1 41. g5 Kg6 42. Rb7 Bc2 43. h7 Rf8 44. h8=Q 1-0